AoeStats
← खलनायक

Arena

504977702Analyzed
4v4 RM · 24d ago on Sep 7, 2026· 64m 29s· 8 players
Game mode
Random Map
Map size
Large (8 player)
Population
200
Speed
Normal
Resources
Standard
Victory
Conquest
Starting age
Dark Age
Ending age
Imperial Age
RankedLock teamsTeams togetherTeam positionsShared explorationLock speedFull tech treeHidden civsTurbo modeCheats
Victory
Defeat
🇮🇳 Chinese · India
1471
+12
🇭🇰 Inca · Hong Kong SAR China
1376
+16
🇨🇳 Britons · China
1320
+19
🇮🇳 Magyars · India
1304
+19
🇨🇳 Italians · China
1445
-19
🇭🇰 Bohemians · Hong Kong SAR China
1425
-18
🇨🇭 Mongols · Switzerland
1374
-16
🇩🇪 Vietnamese · Germany
1291
-13
RyuZaKi
0:33 Loom
10:04 Feudal Age
15:03 Castle Age
13:45 Double-Bit Axe
14:02 Horse Collar
23:11 Bow Saw
23:23 Heavy Plow
28:28 Imperial Age
26:24 Gold Mining
26:25 Stone Mining
27:19 Wheelbarrow
26:40 Fletching
27:17 Padded Archer Armor
27:38 Ballistics
28:11 Gold Shaft Mining
27:54 Bodkin Arrow
29:13 Great Wall
28:50 Elite Chu Ko Nu
29:54 Thumb Ring
31:23 Chemistry
30:55 Hand Cart
31:35 Conscription
31:28 Bracer
32:02 Leather Archer Armor
32:31 Town Watch
33:19 Rocketry
34:28 Ring Archer Armor
35:44 Two-Man Saw
34:38 Elite Skirmisher
37:45 Coinage
39:56 Great Wall
41:31 Scale Barding Armor
45:16 Banking
45:30 Masonry
48:37 Elite Fire Lancer
49:17 Squires
49:19 Scale Mail Armor
49:29 Forging
53:25 Chain Mail Armor
60:26 Plate Mail Armor
62:46 Iron Casting
阳光
9:32 Feudal Age
13:18 Castle Age
11:16 Double-Bit Axe
11:39 Horse Collar
16:52 Bow Saw
19:42 Wheelbarrow
22:31 Stone Mining
23:42 Heavy Plow
27:45 Imperial Age
26:00 Hand Cart
25:31 Loom
25:32 Town Watch
25:43 Gold Mining
26:12 Fletching
26:23 Padded Archer Armor
26:56 Yeomen
27:23 Gold Shaft Mining
27:29 Bodkin Arrow
28:15 Ballistics
28:29 Bracer
28:54 Conscription
29:02 Elite Longbowman
32:31 Chemistry
33:02 Leather Archer Armor
33:36 Siege Engineers
33:11 Treadmill Crane
33:42 Masonry
35:30 Two-Man Saw
35:40 Scale Mail Armor
36:13 Ring Archer Armor
35:43 Scale Mail Armor
35:54 Forging
35:07 Pikeman
35:48 Squires
35:55 Halberdier
37:53 Chain Mail Armor
39:02 Iron Casting
40:27 Plate Mail Armor
40:21 Arson
42:00 Blast Furnace
41:09 Warwolf
42:47 Hoardings
55:56 Sappers
59:36 Coinage
59:17 Guilds
+Matt.Chak
11:49 Feudal Age
13:08 Double-Bit Axe
13:19 Horse Collar
16:09 Castle Age
17:14 Heavy Plow
21:28 Bow Saw
22:50 Gold Mining
24:56 Gold Shaft Mining
28:48 Imperial Age
26:14 Loom
27:06 Wheelbarrow
26:24 Stone Mining
26:46 Squires
26:32 Arson
26:58 Scale Mail Armor
26:30 Champi Runner
27:38 Champi Warrior
28:56 Chain Mail Armor
28:52 Forging
30:30 Plate Mail Armor
29:27 Elite Champi Warrior
30:36 Hand Cart
30:07 Town Watch
30:54 Crop Rotation
31:01 Stone Shaft Mining
32:31 Iron Casting
34:26 Blast Furnace
34:32 Pikeman
36:35 Fletching
36:10 Halberdier
36:54 Halberdier
37:47 Bodkin Arrow
37:52 Murder Holes
38:18 Ballistics
38:58 Chemistry
38:22 Fabric Shields
38:43 Conscription
39:59 Town Patrol
42:01 Bracer
42:15 Masonry
48:47 Coinage
48:27 Guilds
48:30 Capped Ram
49:33 Siege Ram
50:19 Siege Engineers
50:26 Fortified Wall
54:44 Banking
54:18 Caravan
55:49 Banking
57:33 Treadmill Crane
57:46 Heated Shot
57:58 Padded Archer Armor
58:57 Leather Archer Armor
58:06 Elite Skirmisher
58:52 Thumb Ring
खलनायक
10:00 Feudal Age
9:02 Loom
11:48 Double-Bit Axe
11:58 Loom
15:10 Castle Age
14:06 Double-Bit Axe
14:01 Horse Collar
16:52 Wheelbarrow
16:55 Bow Saw
18:14 Heavy Plow
18:50 Fervor
25:53 Fletching
27:17 Bodkin Arrow
28:41 Hand Cart
32:45 Imperial Age
30:51 Padded Archer Armor
31:11 Masonry
31:05 Town Watch
31:46 Ballistics
32:17 Leather Archer Armor
33:35 Bracer
34:05 Ring Archer Armor
34:41 Chemistry
33:58 Thumb Ring
35:28 Two-Man Saw
34:58 Crop Rotation
34:19 Gold Mining
34:21 Stone Mining
37:18 Scale Barding Armor
39:13 Light Cavalry
40:04 Bloodlines
39:54 Husbandry
39:35 Elite Skirmisher
40:41 Parthian Tactics
41:10 Chain Barding Armor
40:14 Hussar
46:17 Plate Barding Armor
54:24 Elite Skirmisher
58:58 Recurve Bow
59:19 Conscription
63:47 Town Patrol
F1NBLOO
11:14 Feudal Age
12:19 Double-Bit Axe
12:21 Horse Collar
15:00 Castle Age
16:02 Bow Saw
16:06 Heavy Plow
16:54 Wheelbarrow
20:08 Town Watch
20:09 Loom
21:17 Hand Cart
22:52 Gold Mining
25:19 Stone Mining
28:21 Imperial Age
26:09 Fletching
26:19 Padded Archer Armor
27:23 Stone Shaft Mining
27:26 Gold Shaft Mining
27:48 Ballistics
28:01 Husbandry
28:12 Bloodlines
28:27 Bodkin Arrow
28:48 Leather Archer Armor
30:13 Chemistry
29:24 Masonry
29:17 Bracer
29:46 Conscription
30:32 Thumb Ring
30:53 Parthian Tactics
30:25 Elite Mangudai
30:31 Elite Mangudai
31:53 Coinage
31:34 Light Cavalry
32:24 Scale Barding Armor
32:30 Forging
32:48 Hussar
34:05 Chain Barding Armor
36:22 Iron Casting
42:21 Blast Furnace
Creed
10:13 Feudal Age
14:15 Castle Age
12:06 Horse Collar
14:03 Double-Bit Axe
15:05 Heavy Plow
19:33 Bow Saw
22:17 Wheelbarrow
21:43 Stone Mining
22:04 Gold Mining
24:00 Hand Cart
24:07 Fletching
24:17 Padded Archer Armor
29:01 Imperial Age
26:36 Bodkin Arrow
27:22 Leather Archer Armor
27:55 Ballistics
27:54 Thumb Ring
27:10 Elite Skirmisher
30:04 Paper Money
29:07 Imperial Skirmisher
30:19 Bracer
31:21 Chemistry
30:53 Ring Archer Armor
31:42 Town Watch
31:43 Loom
32:42 Husbandry
32:52 Bloodlines
33:15 Forging
33:10 Scale Barding Armor
32:30 Elite Battle Elephant
35:13 Iron Casting
35:18 Chain Barding Armor
35:12 Chatras
37:00 Plate Barding Armor
36:25 Scale Mail Armor
37:51 Crop Rotation
38:26 Two-Man Saw
40:21 Light Cavalry
47:08 Stone Shaft Mining
50:23 Capped Ram
61:45 Heavy Cavalry Archer
onon02122
10:06 Feudal Age
13:42 Castle Age
12:31 Double-Bit Axe
13:23 Loom
15:06 Bow Saw
15:44 Fervor
21:14 Wheelbarrow
21:04 Loom
25:09 Imperial Age
24:20 Chemistry
27:03 Ballistics
26:14 Pikeman
26:54 Squires
28:09 Fletching
28:21 Scale Mail Armor
28:31 Forging
29:23 Two-Man Saw
29:47 Bodkin Arrow
30:07 Masonry
31:31 Halberdier
32:13 Bracer
32:55 Architecture
32:16 Guard Tower
34:59 Padded Archer Armor
37:54 Horse Collar
39:22 Treadmill Crane
40:59 Conscription
41:49 Siege Engineers
42:57 Architecture
43:20 Clinker Construction
44:16 Elite Skirmisher
48:07 Heavy Plow
52:22 Hand Cart
棒总
10:47 Feudal Age
14:39 Castle Age
13:07 Double-Bit Axe
14:00 Horse Collar
19:04 Fletching
22:08 Wheelbarrow
24:07 Hand Cart
24:33 Bodkin Arrow
25:43 Bow Saw
25:29 Loom
30:08 Imperial Age
27:59 Padded Archer Armor
28:34 Gold Mining
29:03 Leather Archer Armor
30:49 Bracer
31:52 Chemistry
31:13 Ballistics
31:02 Squires
30:48 Arson
31:36 Conscription
33:30 Elite Genoese Crossbowman
34:43 Ring Archer Armor
34:24 Forging
37:46 Thumb Ring
41:36 Iron Casting
41:07 Scale Barding Armor
41:03 Scale Mail Armor
44:05 Bloodlines
43:16 Light Cavalry
44:48 Husbandry
48:08 Chain Barding Armor
48:49 Blast Furnace
54:07 Hussar
57:49 Plate Barding Armor
Connection lost

Rejoining the realm…

Still unreachable

The connection could not be restored.

Session expired

The server has moved on; the page needs a fresh start.